 Dungeon Crawl Stone Soup version 0.32-a0-931-g5a2cda0630 (webtiles) character file.

Game seed: 439724111062721106

777 Griffin23 the Firebug (level 7, -6/32 (36) HPs)
             Began as a Deep Elf Fire Elementalist on Apr 13, 2024.
             Mangled by a gnoll bouda
             ... wielding a +0 club
              (7 damage)
             ... on level 4 of the Dungeon on Apr 14, 2024.
             The game lasted 00:13:55 (4330 turns).

Griffin23 the Firebug (Deep Elf Fire Elementalist)  Turns: 4330, Time: 00:13:56

HP:   -6/32 (36)    AC: 10    Str:  7    XL:     7   Next: 54%
MP:   14/16         EV: 17    Int: 20    God:
Gold: 235           SH:  0    Dex: 15    Spells: 13/16 levels left

rFire   . . .        (no weapon)
rCold   . . .        (no shield)
rNeg    . . .        j - +3 leather armour {rPois}
rPois   +            (no helmet)
rElec   .            (no cloak)
rCorr   .            (no gloves)
SInv    .            (no boots)
Will    .....        (no amulet)
Stlth   +++          g - +5 ring of evasion
HPRegen 0.25/turn    i - +4 ring of protection
MPRegen 0.15/turn

%: no passive effects
@: weakened, heavily drained
A: no striking features
a: no special abilities


You were on level 4 of the Dungeon.
You visited 1 branch of the dungeon, and saw 5 of its levels.

You collected 235 gold pieces.

Inventory:

Missiles
 f - 4 javelins
Armour
 a - a +0 robe
 j - a +3 leather armour of poison resistance (worn)
Jewellery
 g - a +5 ring of evasion (left hand)
 i - a +4 ring of protection (right hand)
Wands
 e - a wand of paralysis (10)
 m - a wand of flame (22)
 t - a wand of acid (6)
Scrolls
 c - 3 scrolls of identify
 l - a scroll of acquirement {unknown}
 n - a scroll of torment {unknown}
 o - a scroll of enchant weapon {unknown}
 r - 2 scrolls of immolation {unknown}
Potions
 b - a potion of magic
 d - a potion of curing {unknown}
 h - a potion of lignification {unknown}
 k - a potion of enlightenment {unknown}
 p - a potion of attraction {unknown}
 q - a potion of heal wounds {unknown}
 s - a potion of berserk rage {unknown}
 u - a potion of might {unknown}


   Skills:
 + Level 4.5 Dodging
 + Level 4.7 Stealth
 + Level 5.1 Spellcasting
 * Level 4.8 Conjurations
 * Level 5.9 Fire Magic


You had 13 spell levels left.
You knew the following spells:

 Your Spells              Type           Power      Damage    Failure   Level
a - Foxfire               Conj/Fire      100%       2x1d9     1%          1
b - Scorch                Fire           56%        2d7       2%          2

Your spell library contained the following spells:

 Spells                   Type           Power      Damage    Failure   Level
 Inner Flame              Hex/Fire       17%        N/A       16%         3
 Volatile Blastmotes      Fire/Tloc      34%        2d12      16%         3
 Freeze                   Ice            20%        1d4       17%         1
 Hailstorm                Conj/Ice       14%        3d6       19%         3
 Flame Wave               Conj/Fire      26%        2d8       19%         4
 Frozen Ramparts          Ice            10%        1d2       45%         3
 Tukima's Dance           Hex            5%         N/A       45%         3
 Passage of Golubria      Tloc           5%         N/A       86%         4
 Yara's Violent Unravell  Hex/Alch       2%         3d3       99%         5


Dungeon Overview and Level Annotations

Branches:
Dungeon (5/15)
 Temple: D:4-7

Altars:
Okawaru
Trog
Vehumet


Message History

The foxfire hits the iguana.
You kill the iguana!
You start resting.
Your foxfire dissipates!
You start resting.
HP restored.
You start resting.
Magic restored.
You climb upwards.
The gnoll closely misses you. The gnoll misses you.
The gnoll bouda barks out a call to the hunt!
The gnolls pick up the pace!
The gnoll hits you but does no damage.
You feel drained.
The gnoll hits you but does no damage. x2
There is a stone staircase leading down here.
You conjure some foxfire!
The gnoll misses you. The gnoll closely misses you.
The gnoll hits you with a +0 flail!
The foxfire hits the gnoll.
The gnoll is lightly wounded.
The foxfire hits the gnoll bouda.
The gnoll bouda is lightly wounded.
The gnoll hits you with a +1 flail of draining.
You feel drained. The gnoll barely misses you.
The gnoll hits you with a +0 flail. The gnoll bouda closely misses you.
You conjure some foxfire!
The gnoll hits you with a +1 flail of draining!
You feel drained. The gnoll hits you but does no damage.
The gnoll hits you with a +0 flail.
* * * LOW HITPOINT WARNING * * *
The gnoll bouda barely misses you.
The foxfire hits the gnoll bouda.
The gnoll bouda is lightly wounded.
The foxfire hits the gnoll.
The gnoll is moderately wounded.
The gnoll closely misses you. The gnoll misses you.
The gnoll hits you with a +0 flail!
* * * LOW HITPOINT WARNING * * *
The gnoll bouda gazes fiercely through you!
You feel your attacks grow feeble.
The gnoll bouda hits you with a +0 club!
You die...

.......#............#
#...#†...
.......#............#
##.......
.......##.###.##....#
#.......
...##...............#
#....... ...#
......##.#.....#
#....... ..#
.....#.....# ##......
# ............#
#......
........gg..#...
#......
.......g@.......
.......
...##.#.g#####.. .#
#..... . ........
...........
....###.##.. ..#. #..
... g.# :.. ...


You could see a gnoll bouda and 4 gnolls.

Vanquished Creatures
  Sigmund (D:3)
  A wyvern (D:4)
  3 scorpions
  A bombardier beetle (D:4)
  A gnoll bouda (D:4)
  A jelly (D:4)
  Terence (D:3)
  Ijyb (D:3)
  An iguana (D:5)
  3 gnolls
  4 adders
  A dart slug (D:2)
  3 orcs
  3 ball pythons
  2 endoplasms
  4 giant cockroaches
  5 goblins
  3 hobgoblins (D:2)
  A quokka (D:3)
  2 bats (D:1)
  A frilled lizard (D:3)
  5 kobolds
  9 rats
57 creatures vanquished.

Vanquished Creatures (others)
  159 foxfires
159 creatures vanquished.

Grand Total: 216 creatures vanquished

Notes
Turn   | Place    | Note
-------+----------+-------------------------------------------
     0 | D:1      | Griffin23 the Deep Elf Fire Elementalist began the quest
                  | for the Orb.
     0 | D:1      | Reached XP level 1. HP: 10/10 MP: 6/6
   780 | D:1      | Reached XP level 2. HP: 15/15 MP: 2/8
  1239 | D:2      | Found a faded altar of an unknown god.
  1289 | D:2      | Reached XP level 3. HP: 19/19 MP: 6/9
  1690 | D:2      | Identified the +5 whip of Reason {antimagic, rPois Dex+2}
  1987 | D:2      | Learned a level 2 spell: Scorch
  2526 | D:3      | Noticed Ijyb
  2531 | D:3      | Paralysed by Ijyb for 5 turns
  2621 | D:3      | Paralysed by Ijyb for 3 turns
  2625 | D:3      | Killed Ijyb
  2626 | D:3      | Reached XP level 4. HP: 23/24 MP: 0/11
  2774 | D:3      | Noticed Sigmund
  2778 | D:3      | Killed Sigmund
  2779 | D:3      | Reached XP level 5. HP: 28/28 MP: 3/13
  2859 | D:3      | Noticed Terence
  2862 | D:3      | Killed Terence
  2863 | D:3      | Reached XP level 6. HP: 32/32 MP: 7/14
  3057 | D:3      | Found a radiant altar of Vehumet.
  3117 | D:3      | Found an iron altar of Okawaru.
  3293 | D:3      | Found a bloodstained altar of Trog.
  3634 | D:3      | Reached skill level 5 in Fire Magic
  3931 | D:4      | Reached XP level 7. HP: 36/36 MP: 2/16
  4124 | D:4      | Noticed a wyvern
  4134 | D:4      | Killed a wyvern
  4135 | D:4      | Reached skill level 5 in Spellcasting
  4234 | D:5      | Entered Level 5 of the Dungeon
  4330 | D:4      | HP: 1/32 [gnoll/+0 flail[a gnoll bouda] (7)]
  4330 | D:4      | Mangled by a gnoll bouda

Illustrated notes

Levels and vault maps discovered:
D:1:      minmay_arrival_open_corners, layout_basic, chequers_arboretum
D:2:      layout_loops_ring, ebering_ecumenical_altar_hall
D:3:      layout_rooms, mainiacjoe_overflow_alcove_1,
          mainiacjoe_overflow_24_doors, mainiacjoe_overflow_chevrons, uniq_ijyb,
          uniq_terence, uniq_sigmund
D:4:      layout_basic, solitary_fountain
D:5:      layout_rooms, grunt_temple_overflow_gold_and_silver,
          mainiacjoe_overflow_cross_hatched, jmf_multi_god_temple,
          hangedman_decor_push, serial_bayou_pond_e, nicolae_shop_self_help

Skill      XL: |  1  2  3  4  5  6  7 |
---------------+----------------------+-----
Dodging        | 3 4 |  4.5
Fire Magic     | 4 5 |  5.9
Stealth        | 3 4 |  4.7
Conjurations   | 2 3 4 |  4.8
Spellcasting   | 4 5 |  5.1

Action                     |  1- 3 |  4- 6 |  7- 9 || total
---------------------------+-------+-------+-------++-------
  Melee: Unarmed           |       |    11 |       ||    11
         Punch             |       |     1 |       ||     1
   Cast: Foxfire           |   100 |     1 |     8 ||   109
         Scorch            |     6 |    41 |     9 ||    56
    Use: Scroll            |     2 |       |       ||     2
 Armour: Robe              |    24 |       |       ||    24
         Leather armour    |       |     8 |    15 ||    23
  Dodge: Dodged            |    34 |    24 |    19 ||    77

Table legend: (Time is in decaauts)
 A = Elapsed time spent in this place.
 B = Non-inter-level travel time spent in this place.
 C = Inter-level travel time spent in this place.
 D = Time resting spent in this place.
 E = Time spent auto-exploring this place.
 F = Levels seen in this place.
 G = Mean time per level.
                   A        B        C        D        E       F      G
               +--------+--------+--------+--------+--------+-----+--------+
         Total |   4331 |   4176 |    155 |    469 |   3150 |   5 |  866.2 |
       Dungeon |   4331 |   4176 |    155 |    469 |   3150 |   5 |  866.2 |
               +--------+--------+--------+--------+--------+-----+--------+

Top non-repeatable levels by time:
     D:2: 1524 daAuts
     D:3: 995 daAuts
     D:1: 995 daAuts
     D:4: 724 daAuts
     D:5: 91 daAuts
